 Dungeon Crawl Stone Soup version 0.30.0-29-ga12c61a403 (webtiles) character file.

Game seed: 13369156503451236195

2678 Josd the Skirmisher (level 9, -4/55 HPs)
             Began as a Kobold Hunter on June 9, 2023.
             Was a Follower of Dithmenos.
             Killed from afar by Yordlord's ghost (6 damage)
             ... with a magic dart
             ... on level 7 of the Dungeon.
             The game lasted 00:15:46 (7558 turns).

Josd the Skirmisher (Kobold Hunter)                 Turns: 7558, Time: 00:15:47

Health: -4/55      AC:  6    Str: 12    XL:     9   Next: 95%
Magic:  9/9        EV: 23    Int: 11    God:    Dithmenos [*.....]
Gold:   325        SH:  0    Dex: 22    Spells: 8/8 levels left

rFire   . . .        a - +2 shortbow
rCold   + . .        (shield currently unavailable)
rNeg    . . .        C - +0 steam dragon scales
rPois   .            p - +0 helmet
rElec   +            (no cloak)
rCorr   .            (no gloves)
SInv    .            (no boots)
Will    .....        (no amulet)
Stlth   ++++++       f - ring of protection from cold
HPRegen 0.29/turn    o - ring "Nobbax" {rElec EV+5 Str+4}
MPRegen 0.11/turn

%: no passive effects
@: wreathed by umbra
A: small, no large weapons, nightstalker 3
a: Renounce Religion


You were on level 7 of the Dungeon.
You worshipped Dithmenos.
Dithmenos was aware of your devotion.
You visited 2 branches of the dungeon, and saw 8 of its levels.

You collected 325 gold pieces.

Inventory:

Hand Weapons
 a - a +2 shortbow (weapon)
Missiles
 y - 6 atropa-tipped darts
Armour
 c - a +0 leather armour
 p - a +0 helmet (worn)
 x - a +2 ring mail of positive energy
 A - a +0 hat
 C - +0 steam dragon scales (worn)
Jewellery
 f - a ring of protection from cold (left hand)
 g - a ring of protection from fire
 k - a +6 ring of strength
 m - a ring of ice
 o - the ring "Nobbax" (right hand) {rElec EV+5 Str+4}
   (You found it on level 2 of the Dungeon)

   [ring of evasion]

   EV:        It affects your evasion (+5).
   Str:       It affects your strength (+4).
   rElec:     It insulates you from electricity.
 s - a ring of positive energy
 z - a ring of willpower
Wands
 h - a wand of digging (6)
 n - a wand of flame (18)
 r - a wand of paralysis (7)
Scrolls
 b - 3 scrolls of immolation
 i - a scroll of fear
 u - 5 scrolls of amnesia
 G - 2 scrolls of identify
Potions
 d - 3 potions of heal wounds {unknown}
 e - 3 potions of resistance
 j - 5 potions of curing
 l - 2 potions of brilliance
 q - a potion of lignification {unknown}
 t - a potion of haste {unknown}
 v - 2 potions of might {unknown}
 w - 2 potions of invisibility {unknown}
 B - a potion of magic {unknown}
 D - a potion of degeneration {unknown}
 E - a potion of mutation {unknown}
 F - 2 potions of attraction {unknown}


   Skills:
 + Level 6.0 Fighting
 + Level 13.1 Ranged Weapons
 - Level 0.6 Armour
 + Level 5.2 Dodging
 * Level 8.4 Stealth


You had 8 spell levels left.
You didn't know any spells.
Your spell library contained the following spells:

 Spells                   Type           Power      Damage    Failure   Level
 Slow                     Hex            0%         N/A       34%         1
 Scorch                   Fire           0%         2d5       47%         2
 Confusing Touch          Hex            0%         N/A       71%         3
 Frozen Ramparts          Ice            0%         1d1       71%         3
 Gell's Gravitas          Tloc           0%         N/A       71%         3
 Stone Arrow              Conj/Erth      0%         3d7       71%         3
 Teleport Other           Tloc           0%         N/A       71%         3
 Vampiric Draining        Necr           0%         2d6       71%         3
 Animate Armour           Summ/Erth      0%         N/A       98%         4
 Flame Wave               Conj/Fire      0%         2d4       98%         4
 Ice Form                 Ice/Tmut       0%         N/A       98%         4
 Olgreb's Toxic Radiance  Pois           0%         N/A       98%         4
 Summon Ice Beast         Ice/Summ       0%         N/A       98%         4
 Dispersal                Tloc           0%         N/A       100%        6
 Summon Cactus Giant      Summ           0%         N/A       100%        6
 Discord                  Hex            0%         N/A       100%        8
 Ignition                 Fire           0%         3d3       100%        8
 Lehudib's Crystal Spear  Conj/Erth      0%         10d2      100%        8


Dungeon Overview and Level Annotations

Branches:
Dungeon (7/15)             Temple (1/1) D:4

Altars:
Ashenzari
Cheibriados
Dithmenos
Elyvilon
Fedhas
Gozag
Hepliaklqana
Kikubaaqudgha
Makhleb
Nemelex Xobeh
Okawaru
Qazlal
Ru
Sif Muna
Trog
Uskayaw
Vehumet
Wu Jian
Xom
Yredelemnul
Zin
The Shining One

Shops:
D:7 ?

Annotations:
D:7 Yordlord's ghost, novice GnHW


Innate Abilities, Weirdness & Mutations

You are small and have problems with some larger weapons.
You are completely attuned to the shadows.


Message History

Yordlord's ghost casts a spell at you.
The ball explodes into a vile cloud!
The stinking cloud engulfs you but does no damage.
You shoot an arrow.
The arrow closely misses Yordlord's ghost.
You are engulfed in noxious fumes.
The cerulean imp misses you. Yordlord's ghost misses you.
The cerulean imp closely misses you. Yordlord's ghost casts a spell at you.
The ball explodes into a vile cloud!
The stinking cloud engulfs you but does no damage.
There is an open door here.
You are engulfed in noxious fumes.
You choke on the stench!
You are confused.
The cerulean imp misses you.
You are too confused!
You feel less confused.
Yordlord's ghost says, "I practised a lot since I died."
Yordlord's ghost misses you.
Yordlord's ghost attacks as you move away!
Yordlord's ghost hits you.
Yordlord's ghost mumbles some strange words.
The cerulean imp hits you from afar with a +2 spear.
Yordlord's ghost attacks as you move away!
Yordlord's ghost hits you.
Yordlord's ghost mumbles some strange words.
The cerulean imp misses you. The cerulean imp completely misses you.
The cerulean imp misses you.
You feel yourself speed up. The cerulean imp barely misses you.
The cerulean imp misses you. x2
Yordlord's ghost hits you!
Yordlord's ghost attacks as you move away!
Yordlord's ghost hits you!
* * * LOW HITPOINT WARNING * * *
There is an escape hatch in the ceiling here.
The cerulean imp hits you from afar with a +1 spear.
* * * LOW HITPOINT WARNING * * *
The cerulean imp closely misses you. x2
Yordlord's ghost casts a spell at you. The magic dart hits you.
You die...

#############################
.........#...........#......#
.........#...........#......#
.........#...........#......#
'###.....##....###...###...##
.###.....##....###...###...######
..#.......#.......5.........#....
..#.......'.....@W5.........#....
..#.......#.......5.........#....
..#.......#.................+....
####..##################.##.##.##
####..##.####..###....##'#####.#.
#......#.........#.............#.
#......#.........#.............#.
#......#.........#.............#.
#......#.........#.............#.


You could see Yordlord's ghost and 3 cerulean imps.

Vanquished Creatures
  A wyvern (D:7)
  A wraith (D:5)
  3 steam dragons
  A water moccasin (D:5)
  2 orc warriors (D:7)
  An ice beast (D:7)
  A black bear (D:7)
  2 centaurs
  4 phantoms
  2 bullfrogs (D:7)
  A scorpion (D:4)
  5 killer bees (D:7)
  4 hounds
  A jelly (D:6)
  A gnoll bouda (D:6)
  3 orc priests
  An iguana (D:5)
  3 orc wizards
  A mummy (D:7)
  11 gnolls
  7 adders
  2 shadow imps
  2 white imps
  2 ufetubi
  2 worms (D:4)
  10 orcs
  4 endoplasms
  7 hobgoblins
  2 kobolds
  A quokka (D:4)
  5 ball pythons
  2 frilled lizards
  2 goblins (D:1)
  A rat (D:3)
98 creatures vanquished.

Vanquished Creatures (others)
  An orc wizard (D:5)
1 creature vanquished.

Grand Total: 99 creatures vanquished

Notes
Turn   | Place    | Note
-------+----------+-------------------------------------------
     0 | D:1      | Josd the Kobold Hunter began the quest for the Orb.
     0 | D:1      | Reached XP level 1. HP: 12/12 MP: 1/1
   398 | D:1      | Reached XP level 2. HP: 17/17 MP: 2/2
   590 | D:2      | Reached skill level 6 in Ranged Weapons
   666 | D:2      | Reached XP level 3. HP: 21/21 MP: 3/3
   798 | D:2      | Found a faded altar of an unknown god.
   808 | D:2      | Identified the ring "Nobbax" {rElec EV+5 Str+4}
   865 | D:2      | Found a basalt altar of Yredelemnul.
  1115 | D:2      | Reached XP level 4. HP: 17/27 MP: 4/4
  1589 | D:3      | Identified the +1 ring mail of the New World {Will- Str+5
                  | SInv}
  2211 | D:4      | Noticed a scorpion
  2217 | D:4      | Killed a scorpion
  2218 | D:4      | Reached skill level 7 in Ranged Weapons
  2218 | D:4      | Reached XP level 5. HP: 31/31 MP: 5/5
  2260 | D:4      | Noticed a phantom
  2274 | D:4      | Reached XP level 6. HP: 31/36 MP: 6/6
  2278 | D:4      | Reached skill level 8 in Ranged Weapons
  2435 | D:4      | Found a staircase to the Ecumenical Temple.
  2442 | Temple   | Entered the Ecumenical Temple
  2915 | Temple   | Became a worshipper of Dithmenos the Shadowed
  3366 | D:4      | Reached XP level 7. HP: 26/41 MP: 7/7
  3511 | D:5      | Entered Level 5 of the Dungeon
  3514 | D:5      | Found a white marble altar of Elyvilon.
  3855 | D:5      | Reached skill level 5 in Stealth
  3857 | D:5      | Noticed a water moccasin
  3861 | D:5      | Killed a water moccasin
  3862 | D:5      | Reached skill level 9 in Ranged Weapons
  3992 | D:5      | Reached XP level 8. HP: 48/48 MP: 8/8
  4571 | D:5      | Noticed a wraith
  4601 | D:5      | Killed a wraith
  4602 | D:5      | Reached skill level 10 in Ranged Weapons
  5618 | D:6      | Reached skill level 11 in Ranged Weapons
  5808 | D:6      | Reached skill level 5 in Fighting
  5808 | D:6      | Reached XP level 9. HP: 37/54 MP: 9/9
  5905 | D:6      | Reached * piety under Dithmenos
  6173 | D:7      | Found a large runed translucent door.
  6174 | D:7      | Found a large runed translucent door.
  6346 | D:7      | Reached skill level 12 in Ranged Weapons
  6515 | D:7      | Found a blossoming altar of Fedhas.
  7146 | D:7      | Reached skill level 5 in Dodging
  7232 | D:7      | Found The Oracle's Delphic Readings.
  7257 | D:7      | Reached skill level 13 in Ranged Weapons
  7352 | D:7      | Identified the +10 mace of Naos {venom, rF+ Will+ Stlth+}
  7529 | D:7      | Noticed Yordlord's ghost (novice GnHW)
  7558 | D:7      | HP: 2/55 [cerulean imp/+1 spear[Yordlord's ghost] (5)]
  7558 | D:7      | Killed from afar by Yordlord's ghost

Illustrated notes

Levels and vault maps discovered:
D:1:      onia_arrival_mini_spirals, layout_rooms
D:2:      layout_loops_ring, basic_altar, hellmonk_ecumenical_altar_lost_god,
          kennysheep_decorative_pillar
D:3:      layout_rooms
D:4:      layout_loops_cross, minmay_temple_entry_junction, cheibrodos_gnoll_hut
D:5:      layout_loops_ring, old_standard_altar, dk_vineyard_2
D:6:      layout_basic
D:7:      layout_gridville, fedhas_altar_2, gup_ossuary_entry_pyramid,
          ebering_ghost_disaster_area, nicolae_nh_oracle_at_delphi
Temple:   nicolae_temple_bog_church

Skill      XL: |  1  2  3  4  5  6  7  8  9 |
---------------+----------------------------+-----
Ranged Weapons | 6 7 8 9 11 13 | 13.1
Stealth        | 2 3 4 5 6 8 |  8.4
Fighting       | 3 4 5 6 |  6.0
Dodging        | 3 4 5 |  5.2
Armour         | |  0.6

Action                     |  1- 3 |  4- 6 |  7- 9 || total
---------------------------+-------+-------+-------++-------
   Fire: Shortbow          |    47 |   107 |   309 ||   463
    Use: Scroll            |       |    11 |     4 ||    15
         Potion            |       |       |     3 ||     3
 Armour: Leather armour    |     3 |    10 |    13 ||    26
         Steam dragon scal |       |       |     8 ||     8
  Dodge: Dodged            |    23 |    74 |   246 ||   343
